 Dungeon Crawl Stone Soup version 0.20.1-1-g8b1a95d (webtiles) character file.

37 Gargoyl the Skirmisher (level 3, -6/33 HPs)
             Began as a Minotaur Abyssal Knight on July 7, 2017.
             Was a Follower of Lugonu.
             Mangled by a gnoll
             ... wielding a +0 flail
              (10 damage)
             ... on level 1 of the Dungeon.
             The game lasted 00:01:46 (1008 turns).

Gargoyl the Skirmisher (Minotaur Abyssal Knight)    Turns: 1008, Time: 00:01:47

Health: -6/33      AC:  3    Str: 16    XL:     3   Next: 21%
Magic:  3/3        EV: 11    Int:  9    God:    Lugonu [*.....]
Gold:   13         SH:  0    Dex: 10    Spells: 2/2 levels left

rFire    . . .     SeeInvis .   a - +1 hand axe
rCold    + + .     Gourm    .   (no shield)
rNeg     . . .     Faith    .   b - +0 leather armour
rPois    .         Spirit   .   (helmet restricted)
rElec    .         Reflect  .   (no cloak)
rCorr    .         Harm     .   (no gloves)
MR       .....                  (no boots)
Stlth    +.........             (no amulet)
Regen    0.2/turn               d - ring of protection from cold
MPRegen  0.1/turn               e - ring of protection from cold

@: no status effects
A: retaliatory headbutt, horns 2
a: Depart the Abyss, Renounce Religion


You were on level 1 of the Dungeon.
You worshipped Lugonu.
Lugonu was aware of your devotion.
You were not hungry.

You visited 1 branch of the dungeon, and saw 2 of its levels.
You visited the Abyss 1 time.

You collected 13 gold pieces.

Inventory:

Hand Weapons
 a - a +1 hand axe (weapon)
Armour
 b - a +0 leather armour (worn)
Jewellery
 d - a ring of protection from cold (left hand)
 e - a ring of protection from cold (right hand)
Scrolls
 f - a scroll of enchant weapon
 h - a scroll of fog {unknown}
 m - a scroll of magic mapping {unknown}
Potions
 g - a potion of cancellation {unknown}
 i - a potion of heal wounds {unknown}
 j - a potion of berserk rage {unknown}
 k - a potion of lignification {unknown}
 l - a potion of curing {unknown}
Comestibles
 c - a bread ration


   Skills:
 + Level 4.3 Fighting
 + Level 2.8 Axes
 * Level 3.1 Armour
 + Level 1.3 Dodging
 * Level 2.1 Invocations


You had 2 spell levels left.
You didn't know any spells.

Dungeon Overview and Level Annotations

Branches:
Dungeon (2/15)

Altars:


Innate Abilities, Weirdness & Mutations

You reflexively headbutt those who attack you in melee.
You have a pair of horns on your head.


Message History

You hit the gnoll.
You kill the gnoll!
Lugonu accepts your kill.
Your Armour skill increases to level 3!
You have reached level 3!
Your experience leads to an increase in your attributes!
Increase (S)trength, (I)ntelligence, or (D)exterity?
You feel agile. The gnoll hits you with a flail!
There is a stone staircase leading up here.
The gnoll closely misses you.
You climb upwards.
There is a stone staircase leading down here.
You barely miss the gnoll. The gnoll hits you with a flail!
You closely miss the gnoll. The gnoll hits you with a flail!
* * * LOW HITPOINT WARNING * * *
You hit the gnoll.
The gnoll is lightly wounded.
The gnoll hits you with a flail!
You die...

.#########...##.........###......
## ######...........#...... #
#......#....#..⌠... #
#.#...#####.#...... # #.##.##
#.'....<. # ########.##.#
###...... # #....(......######
#..⌠... # #.######.........#
#...... #
#.##.....@g#####.###...... #
#.##.#####.# #.)...#####+# #.##(#
##.###.###.#####.# ##### #.##.#
#......# #....##..
....####.##.#####.###.###.##.###.
##.....#.##.##.#### #.....##.# #.
#..............# ###.####.###.
#.......#..##.## #.# #..##.
##.....###.###.# ####.# ##.#.#.


You could see a gnoll.

Vanquished Creatures
  A gnoll (D:2)
  A dart slug (D:1)
  6 bats (D:1)
  A giant cockroach (D:1)
  2 goblins (D:1)
  6 hobgoblins (D:1)
  A ball python (D:1)
  A frilled lizard (D:1)
  3 kobolds (D:1)
  3 rats (D:1)
25 creatures vanquished.

Vanquished Creatures (others)
  2 starspawn tentacles (Abyss:1)
2 creatures vanquished.

Grand Total: 27 creatures vanquished

Notes
Turn   | Place    | Note
-------+----------+-------------------------------------------
     0 | Abyss:1  | Gargoyl the Minotaur Abyssal Knight began the quest for the Orb.
     0 | Abyss:1  | Reached XP level 1. HP: 19/19 MP: 1/1
    38 | Abyss:1  | Noticed a tentacled starspawn
    44 | Abyss:1  | Noticed a neqoxec
    45 | D:1      | Escaped the Abyss
   132 | D:1      | Reached * piety under Lugonu
   245 | D:1      | Reached XP level 2. HP: 19/27 MP: 2/2
   346 | D:1      | Reached skill level 4 in Fighting
   985 | D:2      | Reached XP level 3. HP: 28/33 MP: 3/3
  1008 | D:1      | Mangled by a gnoll

Skill      XL: |  1  2 |
---------------+-------+-----
Fighting       | 4 |  4.3
Invocations    | 2 |  2.1
Armour         | 3 |  3.1
Axes           | |  2.8
Dodging        | |  1.3

Action                   || total
-------------------------++-------
Melee: Hand axe          ||    49
       Headbutt          ||     8
Invok: Depart the Abyss  ||     1
  Use: Scroll            ||     2
Armor: Leather armour    ||    10
Dodge: Dodged            ||    39
